 Dungeon Crawl Stone Soup version 0.18.1-48-g4cf74bf (webtiles) character file.

985745 Joat the Slayer (level 27, -11/406 HPs)
             Began as a Yellow Draconian Transmuter on Aug 21, 2016.
             Was the Champion of Ru.
             Mangled by a war gargoyle
             ... wielding a +0 flail
              (13 damage)
             ... on level 7 of the Iron City of Dis on Aug 23, 2016.
             The game lasted 16:18:41 (117933 turns).

Joat the Slayer (Yellow Draconian Transmuter)     Turns: 117933, Time: 16:18:42

Health: -11/406    AC: 12    Str: 28    XL:     27
Magic:  0/42       EV: 24    Int: 17    God:    Ru [******]
Gold:   7673       SH:  0    Dex: 20    Spells: 13 memorised, 5 levels left

rFire  + . .     SeeInvis .       - Unarmed
rCold  + + .     Gourm    .     (armour unavailable)
rNeg   + . .     Faith    .     (shield currently unavailable)
rPois  +         Spirit   +     (helmet currently unavailable)
rElec  .         Dismiss  .     (cloak currently unavailable)
rCorr  +         Reflect  .     (gloves currently unavailable)
SustAt .         Harm     .     (boots currently unavailable)
MR     +++++     Rnd*Rage +     f - amulet of Fiesil {Spirit rC+ Dex+4 Slay+3}
Stlth  ..........               q - ring of the Many Mice {rPois rC+ rN+ Dex+4}
                                G - ring "Ynusy" {rF+ MR++ EV+4 Str+4, =R}

@: lethally poisoned (-11 -> -12), exhausted, dragon-form, corroded, flying,
very slightly contaminated, regenerating, repel missiles, drained, invisible,
almost entirely resistant to hostile enchantments, extremely unstealthy
A: spit acid, acid resistance, unfitting armour, (big wings), (talons 0),
berserk 2, blink, blurry vision 2, clumsy 2, deterioration 2, dopey 2, low mp 1,
magic resistance 1, screaming 3, (electricity resistance), acidic bite,
(cold-blooded), subdued magic 1, no stealth, inability to use devices, hated by
all, no fire magic, no hexes magic, no summoning magic, reduced AC 1, MP-powered
wands, AC +13
a: Spit Acid, End Transformation, Blink, Draw Out Power, Power Leap, Apocalypse,
Renounce Religion
}: 6/15 runes: barnacled, slimy, silver, abyssal, demonic, gossamer


You were on level 7 of the Iron City of Dis.
You worshipped Ru.
Ru was exalted by your worship.
You were not hungry.
You were a fearsome dragon!
You visited 14 branches of the dungeon, and saw 69 of its levels.
You visited Pandemonium 1 time, and saw 12 of its levels.
You visited the Abyss 2 times.
You visited 1 bazaar.
You also visited: Labyrinth, Trove, Bailey and Wizlab.

You collected 11378 gold pieces.
You spent 3705 gold pieces at shops.

Inventory:

Missiles
 P - 11 javelins of penetration (quivered)
Armour
 b - a +2 cloak of magic resistance (melded)
 l - the +5 pair of gloves of Jadweihagh (melded) {Dex+7}
   (You bought it in a shop on level 1 of the Shoals)

   It affects your dexterity (+7).
 r - a cursed +0 buckler of positive energy (melded)
 w - a +2 hat (melded)
 F - a +2 pair of boots (melded)
Jewellery
 f - the amulet of Fiesil (around neck) {Spirit rC+ Dex+4 Slay+3}
   (You found it in a treasure trove)

   [amulet of guardian spirit]

   It causes incoming damage to be split between your health and magic.
   It affects your dexterity (+4).
   It affects your accuracy and damage with ranged weapons and melee attacks
   (+3).
   It protects you from cold.
 q - the ring of the Many Mice (right foreclaw) {rPois rC+ rN+ Dex+4}
   (You took it off a death knight on level 3 of the Crypt)

   [ring of positive energy]

   It affects your dexterity (+4).
   It protects you from cold.
   It protects you from poison.
   It protects you from negative energy.
 G - the ring "Ynusy" (left foreclaw) {rF+ MR++ EV+4 Str+4, =R}
   (You bought it in a shop on level 1 of the Elven Halls)

   [ring of evasion]

   It affects your evasion (+4).
   It affects your strength (+4).
   It protects you from fire.
   It affects your resistance to hostile enchantments.
Scrolls
 e - 10 scrolls of magic mapping
 g - 9 scrolls of fog
 o - 5 scrolls of blinking
 s - a scroll of enchant weapon
 t - 37 scrolls of remove curse
 v - 13 scrolls of fear
 x - a scroll of amnesia
 D - a scroll of holy word
 J - 22 scrolls of teleportation
 L - 3 scrolls of silence
 S - 10 scrolls of identify
Potions
 a - 2 potions of cure mutation
 j - 4 potions of haste
 k - 2 potions of might
 m - 2 potions of ambrosia
 n - 2 potions of invisibility
 u - 10 potions of brilliance
 z - 4 potions of flight
 C - 7 potions of magic
 H - 5 potions of resistance
 I - 2 potions of agility
 K - 3 potions of heal wounds
 U - 14 potions of curing
 V - 5 potions of berserk rage
 Z - 2 potions of cancellation
Books
 c - the Compendium of Combat Magic and Self-Improvement
   (You found it in Pandemonium)

   Spells                             Type                      Level
   a - Throw Flame                    Conjuration/Fire             2
   b - Sticky Flame                   Conjuration/Fire             4
   c - Haste                          Charms                       6
   d - Delayed Fireball               Conjuration/Fire             7
Comestibles
 d - 5 bread rations


   Skills:
 + Level 26.6(26.3) Fighting
   Level 17.6(17.4) Long Blades
 + Level 20.6(20.4) Dodging
 + Level 11.0(10.8) Shields
 + Level 23.5(23.3) Unarmed Combat
 + Level 20.1(19.9) Spellcasting
 - Level 11.2(11.0) Charms
 * Level 17.9(17.7) Necromancy
 - Level 4.2(4.0) Translocations
 + Level 20.6(20.3) Transmutations
 - Level 5.5(5.3) Ice Magic
 - Level 2.1(1.9) Air Magic
 - Level 21.1(20.8) Earth Magic
 - Level 3.2(3.1) Poison Magic


You had 5 spell levels left.
You knew the following spells:

 Your Spells              Type           Power        Failure   Level  Hunger
a - Beastly Appendage     Trmt           ######       0%          1    None
b - Blink                 Tloc           N/A          1%          2    None
c - Ice Form              Ice/Trmt       #####...     1%          4    None
d - Repel Missiles        Chrm/Air       ####..       1%          2    None
e - Blade Hands           Trmt           ######....   0%          5    ###....
f - Dragon Form           Trmt           ######....   1%          7    ######.
g - Lee's Rapid Deconstr  Erth           ######....   0%          5    ###....
h - Haste                 Chrm           #####...     4%          6    #####..
i - Necromutation         Trmt/Necr      ######....   8%          8    #######
q - Regeneration          Chrm/Necr      ######....   0%          3    None
r - Shatter               Erth           ######....   58%         9    #######
v - Spider Form           Trmt/Pois      #####.....   1%          3    None
w - Statue Form           Trmt/Erth      ######...    1%          6    #####..


Dungeon Overview and Level Annotations

Branches:
Dungeon (15/15)            Temple (1/1) D:4            Lair (8/8) D:10
 Shoals (4/4) Lair:5       Spider (4/4) Lair:4        Slime (6/6) Lair:7
    Orc (2/2) D:11            Elf (3/3) Orc:2        Vaults (5/5) D:13
  Crypt (3/3) Vaults:2       Tomb (0/3) Crypt:3      Depths (5/5) D:15
   Hell (1/1)                 Dis (7/7) Hell            Geh (0/7) Hell
    Coc (0/7) Hell            Tar (0/7) Hell            Zot (5/5) Depths:5

Altars:
Ashenzari
Cheibriados
Dithmenos
Elyvilon
Fedhas
Gozag
Kikubaaqudgha
Makhleb
Nemelex Xobeh
Okawaru
Pakellas
Qazlal
Ru
Sif Muna
Trog
Vehumet
Xom
Yredelemnul
Zin
The Shining One
Beogh
Jiyva

Shops:
D:9 %   D:15 ?   Orc:2 !*?}[   Elf:1 =   Shoals:1 *   Vaults:2 (   Depths:1 *

Portals:
Hell: Lair:8 Depths:1 Depths:2 Depths:3 Depths:4 Depths:5
Abyss: Depths:1 Depths:2 Depths:4 Depths:5
Pandemonium: Depths:3 Depths:5
Ziggurat: Depths:1

Annotations:
D:10 1 exclusion
Vaults:3 exclusion: downstairs
Depths:1 exclusions: ancient lich, door and 1 more exclusion


Innate Abilities, Weirdness & Mutations

You can spit globs of acid.
You are resistant to acid.
Your golden yellow scales are hard (AC +13).
Your body does not fit into most forms of armour.
You are very dopey. (Int -4)
You have acidic saliva.
((You are cold-blooded and may be slowed by cold attacks.))
You cannot be stealthy.
You cannot study or use magical devices.
You are hated by all.
You cannot study or cast Fire magic.
You cannot study or cast Hexes magic.
You cannot study or cast Summoning magic.
You take slightly more damage. (AC -3)
((Your large and strong wings let you fly indefinitely.))
((You have sharp toenails.))
You often lose your temper in combat.
You can translocate small distances at will.
Scrolls take you longer to read.
You are very clumsy. (Dex -4)
Your body often deteriorates upon taking damage.
Your magical capacity is low (-10% MP).
You are resistant to hostile enchantments.
You frequently scream uncontrollably at your foes.
((You are resistant to electric shocks.))
Your spells are a little easier to cast, but a little less powerful.
You expend magic power (3 MP) to strengthen your wands.


Message History

You redirect the rust devil's attack!
The rust devil hits the fire giant zombie.
The rust devil corrodes the fire giant zombie!
The skeletal warrior closely misses you.
You don't have enough magic at the moment.
You're too exhausted to draw out your power.
Drink which item? (? for menu, Esc to quit)
You feel much better.
You feel sick.
The rust devil screeches!
The war gargoyle hits you with a flail!
* * * LOW HITPOINT WARNING * * *
The war gargoyle launches metal splinters at the rust devil.
The spray of metal splinters hits you!
* * * LOW HITPOINT WARNING * * *
The spray of metal splinters hits the rust devil.
The ancient champion begins to cast a spell, but is stunned by your will!
The reaper barely misses you.
The war gargoyle begins to attack, but is stunned by your will!
The war gargoyle hits you with a flail!
You die...

#...+......#
...#......# #..
##'##......# #..
#.........# #...
+.........## . ...
#..........#
..###'###.42Zz4....#
..'.......929z.....#
#.......#4zD....##
#.....z.#.9.....##
......).#####......#
......... #........#
.........###.......#
..........#.......##
.........###......##
.C.#......#....)...#
...#.#.#..#..#.#...#


You could see 2 reapers, an ancient champion, 2 skeletal warriors, 3 war
gargoyles, 3 rust devils and a fire giant zombie.

Vanquished Creatures
  the Royal Jelly (Slime:6)
  A seraph (Pan)
  Mennas (Vaults:5)
  2 orbs of fire (Zot:5)
  Mara (Depths:2)
  4 juggernauts
  5 ancient liches (Zot:5)
  6 pandemonium lords (Pan)
  The ghost of Elystan the Polluter, a legendary FoVM of Zin (Depths:1)
  Sojobo (Vaults:5)
  Margery (Depths:3)
  A curse toe (Zot:5)
  A Killer Klown (Zot:3)
  Geryon (Hell)
  A caustic shrike (Depths:2)
  The ghost of PeterMcNeter the Eclecticist, a veteran DsCj of Vehumet (Depths:3)
  2 profane servitors
  9 golden dragons
  the Enchantress (Depths:3)
  5 bone dragons
  4 electric golems (Zot:5)
  Arachne (Spider:2)
  7 iron giants
  A Tzitzimitl (Pan)
  2 hellephants
  Jorgrun (Crypt:1)
  9 Brimstone Fiends
  Rupert (D:15)
  15 tentacled monstrosities
  14 Orb Guardians (Zot:5)
  6 Hell Sentinels
  9 Ice Fiends
  12 liches
  4 titans
  3 deep elf master archers (Elf:3)
  Murray (Hell)
  3 krakens
  4 deep elf blademasters
  26 acid blobs
  Polyphemus (Shoals:3)
  6 death cobs
  3 eldritch tentacles
  5 Executioners
  5 ancient champions
  5 sphinxes
  18 tentacled starspawn
  15 tengu reavers
  9 shadow dragons
  5 draconian monks
  14 storm dragons
  A thorn hunter (D:15)
  5 warmongers (Pan)
  Roxanne (Elf:1)
  16 azure jellies
  13 fire giants
  A revenant (Crypt:1)
  Ilsuiw (Shoals:3)
  Wiglaf (Spider:2)
  11 balrugs
  3 draconian zealots
  6 daevas
  12 vault wardens
  16 frost giants
  18 deep elf sorcerers
  6 ghost moths
  7 emperor scorpions
  3 draconian knights
  3 draconian shifters (Zot:3)
  5 deep elf elementalists
  An iron dragon (Dis:4)
  2 orc warlords (Depths:1)
  2 draconian scorchers
  Louise (Spider:2)
  13 cacodemons
  7 curse skulls
  4 spriggan defenders
  15 ghouls
  50 reapers
  23 very ugly things
  Aizul (Lair:5)
  9 angels
  12 ophanim
  4 draconian callers
  8 ironheart preservers
  6 war gargoyles
  41 stone giants
  10 deep elf demonologists
  10 vampire knights
  6 blood saints (Pan)
  4 green draconians
  4 apis (Pan)
  9 lorocyprocas
  2 black suns (Pan)
  6 deep elf annihilators
  6 chaos champions (Pan)
  6 corrupters (Pan)
  8 black draconians
  2 red draconians
  3 salamander stormcallers
  7 yellow draconians
  11 spark wasps
  6 white draconians
  9 mottled draconians
  6 purple draconians
  2 dire elephants
  12 eidola
  9 merfolk javelineers
  9 green deaths
  25 ettins
  11 deep elf death magi
  14 blizzard demons
  Snorg (Lair:5)
  A minotaur (Lab)
  40 vault guards
  18 merfolk impalers
  Josephine (Lair:5)
  4 mummy priests
  8 deep elf high priests
  5 quicksilver dragon zombies
  6 jiangshi
  20 fire dragons
  The ghost of damerell the Cleaver, a journeyman DDFi of Makhleb (Lab)
  Harold (D:10)
  19 yaktaur captains
  8 entropy weavers
  22 great orbs of eyes
  A catoblepas (shapeshifter) (Depths:2)
  4 quicksilver dragon skeletons
  7 hydras
  2 monstrous demonspawn (Pan)
  9 rakshasas
  13 ice dragons
  4 hell beasts
  2 catoblepae
  3 spriggan air magi
  An anaconda (shapeshifter) (Depths:2)
  13 centaur warriors
  10 death knights
  2 anacondas (D:15)
  6 merfolk avatars
  4 alligator snapping turtles
  31 dancing weapons
  5 death yaks
  5 merfolk aquamancers
  15 ogre magi
  20 thrashing horrors
  8 deep troll earth magi
  5 hell hogs
  3 satyrs
  6 vampire magi
  6 deep troll shamans
  6 titan zombies
  8 tengu warriors
  3 spriggan berserkers
  6 holy swine (Pan)
  4 orc high priests
  33 soul eaters
  Urug (D:10)
  33 sun demons
  4 storm dragon zombies
  3 iron golems
  Nergalle (Orc:1)
  28 deep elf knights
  21 wretched stars
  8 iron trolls
  5 salamander mystics
  2 titan skeletons
  32 hell knights
  5 fire crabs
  121 skeletal warriors
  A spark wasp zombie (WizLab)
  6 anaconda zombies
  A ghost moth zombie (Crypt:1)
  25 deep trolls
  A sea snake (shapeshifter) (Depths:4)
  6 spatial maelstroms
  5 unseen horrors
  6 wizards
  14 sea snakes
  9 cherubim (Pan)
  3 shadow wraiths
  2 deep trolls (shapeshifter)
  11 ironbrand convokers
  13 flayed ghosts
  A quicksilver dragon simulacrum (Abyss:1)
  A death drake (Abyss:5)
  23 deep elf archers
  7 infernal demonspawn (Pan)
  4 gelid demonspawn (Pan)
  4 putrid demonspawn (Pan)
  2 storm dragon skeletons
  11 giant orange brains
  11 hill giants
  5 shadow dragon zombies
  12 shadow demons
  12 wolf spider zombies
  8 harpies
  The ghost of gloryseeker the Thaumaturge, a novice OpEE (D:6)
  18 necromancers
  A golden dragon skeleton (Crypt:1)
  2 torturous demonspawn (Pan)
  A sphinx zombie (WizLab)
  An anaconda skeleton (Abyss:3)
  3 lindwurms
  An anubis guard (shapeshifter) (Vaults:2)
  17 orc knights
  32 wolf spiders
  2 hornets (shapeshifter)
  9 orc sorcerers
  21 orb spiders
  32 phantasmal warriors
  85 deep elf magi
  2 iron dragon zombies (Crypt:3)
  12 cyclopes
  15 griffons
  14 manticores
  5 fauns (Shoals:1)
  12 frost giant zombies
  6 human zombies
  4 worldbinders
  3 hornets
  2 shadow dragon skeletons
  9 shining eyes
  A fire giant skeleton (Depths:3)
  6 stone giant zombies
  2 tengu skeletons (Depths:3)
  An iron dragon skeleton (Dis:1)
  7 salamanders
  52 ugly things
  A manticore (shapeshifter) (Vaults:5)
  A stone giant skeleton (Crypt:1)
  2 guardian serpents (shapeshifter)
  6 fire giant zombies
  2 black mambas (shapeshifter)
  25 sixfirhies
  An octopode (shapeshifter) (Vaults:1)
  3 black mambas
  An alligator snapping turtle zombie (Crypt:1)
  28 moths of wrath
  7 water nymphs
  53 rust devils
  18 vault sentinels
  A dire elephant skeleton (Crypt:3)
  3 eyes of devastation
  Psyche (D:10)
  A shock serpent zombie (Dis:2)
  A titan simulacrum (Vaults:4)
  2 gargoyles
  5 elephants
  A molten gargoyle (D:14)
  4 torpor snails
  11 sirens
  2 spiny frogs (shapeshifter)
  8 death oozes
  2 emperor scorpion zombies
  14 orange demons
  3 kobold demonologists
  14 spiny frogs
  44 yaktaurs
  8 apocalypse crabs
  A catoblepas zombie (Dis:4)
  49 smoke demons
  2 ice statues (Hell)
  7 redback zombies (Spider:2)
  16 hellions
  4 rime drakes
  8 tengu conjurers
  27 freezing wraiths
  2 yaktaurs (shapeshifter)
  9 hellwings
  16 ice devils
  26 tormentors
  A guardian mummy (WizLab)
  12 komodo dragons
  11 efreet
  An anaconda simulacrum (Crypt:3)
  A harpy zombie (Dis:1)
  A queen bee (shapeshifter) (Elf:2)
  25 demonic crawlers
  12 trolls
  14 ancient zymes
  A yaktaur skeleton (Vaults:4)
  2 wind drakes
  37 red devils
  5 hydra zombies
  A jumping spider (shapeshifter) (Vaults:4)
  A polar bear (Vaults:4)
  44 jumping spiders
  2 queen bees
  A wind drake (shapeshifter) (D:15)
  54 merfolk
  4 bog bodies (Crypt:1)
  2 hydra skeletons (Hell)
  2 fire dragon zombies
  An ushabti (Crypt:3)
  A raiju (shapeshifter) (Depths:5)
  5 ettin zombies
  112 slime creatures
  36 two-headed ogres
  60 large abominations
  34 raiju
  13 snapping turtles
  2 two-headed ogres (shapeshifter)
  5 tarantella zombies (Spider:2)
  5 ice dragon zombies
  30 blink frogs
  8 boulder beetles
  A centaur simulacrum (D:14)
  15 flying skulls
  2 alligator zombies
  Sigmund (D:5)
  12 spriggans
  A vampire (D:14)
  30 wraiths
  35 tarantellas
  8 air elementals
  A wyvern (shapeshifter) (Depths:2)
  9 wyverns
  An ettin skeleton (Abyss:2)
  126 redbacks
  A tarantella (shapeshifter) (Vaults:5)
  41 yaks
  27 ynoxinuls
  12 shadows
  12 fire elementals
  An ice dragon skeleton (Crypt:3)
  3 basilisks
  41 water elementals
  10 vampire mosquitoes
  A fire bat (Abyss:2)
  13 golden eyes
  15 hippogriffs
  3 hungry ghosts
  20 neqoxecs
  A steam dragon (D:11)
  A swamp worm (shapeshifter) (Elf:3)
  5 spatial vortices
  25 chaos spawn
  7 swamp worms (Spider:2)
  A mottled dragon (Vaults:2)
  3 insubstantial wisps (Abyss:4)
  7 wargs
  2 harpy simulacra
  A soldier ant (D:13)
  A merfolk zombie (Dis:1)
  A catoblepas simulacrum (Abyss:5)
  16 water moccasins
  A gelid demonspawn skeleton (Crypt:2)
  50 hell hounds
  20 porcupines
  A porcupine (shapeshifter) (Vaults:3)
  4 spiny frog zombies
  A giant eyeball (Slime:6)
  A hydra simulacrum (Crypt:3)
  2 spiny frog skeletons
  46 orc warriors
  6 sky beasts
  An elephant zombie (Lair:7)
  4 snapping turtle zombies
  5 wasps
  2 black bears
  2 alligator simulacra (Hell)
  2 ice beasts
  7 phantoms
  15 wolves
  A swamp dragon zombie (Dis:1)
  20 necrophages
  A wolf (shapeshifter) (Vaults:1)
  10 eyes of draining
  3 boggarts (Depths:3)
  63 ogres
  A swamp dragon skeleton (Hell)
  An anubis guard skeleton (Crypt:2)
  25 centaurs
  A snapping turtle skeleton (Abyss:1)
  23 crocodiles
  24 big kobolds
  A dryad zombie (Crypt:1)
  2 elf zombies (Crypt:1)
  A komodo dragon zombie (Lair:7)
  23 giant frogs
  2 gnoll sergeants
  A dryad skeleton (Crypt:1)
  A wyvern zombie (D:9)
  7 earth elementals
  27 small abominations
  A scorpion (shapeshifter) (D:15)
  A raiju zombie (Crypt:2)
  14 wyvern skeletons
  6 scorpions
  46 killer bees
  A manticore simulacrum (Crypt:3)
  A troll zombie (Dis:1)
  69 wights
  A hippogriff skeleton (Crypt:2)
  7 howler monkeys
  8 electric eels
  15 crimson imps
  5 centaur zombies
  2 giant frog zombies
  68 starcursed masses
  7 hounds
  6 quasits
  16 orc priests
  41 jellies
  A black bear skeleton (Crypt:2)
  4 centaur skeletons
  2 demonspawn skeletons (Crypt:1)
  A giant frog skeleton (D:5)
  A gnoll shaman (D:7)
  42 iron imps
  2 human skeletons (Crypt:1)
  15 iguanas
  Ijyb (D:3)
  15 hell rats
  35 orc wizards
  12 worker ants
  A killer bee zombie (D:5)
  14 sheep
  A crocodile zombie (Lair:7)
  4 hound zombies
  A hound skeleton (D:9)
  15 mummies
  A howler monkey zombie (D:9)
  A worker ant zombie (D:10)
  22 gnolls
  12 adders
  115 river rats
  5 shadow imps
  6 white imps
  12 ufetubi
  3 oozes
  An ooze (shapeshifter) (Depths:1)
  3 adder skeletons
  14 worms
  2 dart slugs (D:1)
  7 giant geckos
  115 orcs
  3 giant cockroaches
  8 goblins
  19 hobgoblins
  13 jackals
  32 kobolds
  4 quokkas
  3 ball pythons
  10 bats
  8 giant newts
  A goblin skeleton (Crypt:2)
  An orc zombie (Dis:4)
  2 quokka zombies (D:5)
  7 rats
  2 river rat skeletons
  3 crawling corpses (Elf:3)
  5 fungi
  4 lost souls
  22 plants
  14 starspawn tentacles
  A starspawn tentacle segment (Abyss:1)
  10 tentacles
4907 creatures vanquished.

Vanquished Creatures (others)
  A Tzitzimitl (Dis:1)
  A lich (Depths:5)
  A tentacled starspawn (Abyss:2)
  An eldritch tentacle (Dis:4)
  2 tengu reavers
  A draconian monk (Zot:1)
  An azure jelly (Slime:1)
  A daeva (Pan)
  A balrug (Dis:4)
  A draconian zealot (Depths:5)
  2 angels (Pan)
  A stone giant (Vaults:5)
  A ghoul (Crypt:1)
  A war gargoyle (Dis:7)
  2 vampire knights (Depths:2)
  A green draconian (Zot:1)
  An eidolon (Crypt:3)
  An ettin (Depths:2)
  A vault guard (Vaults:5)
  A rakshasa (Abyss:3)
  A deep elf high priest (Elf:3)
  A yaktaur captain (Depths:5)
  An ice dragon (Zot:2)
  A merfolk aquamancer (Shoals:2)
  2 soul eaters (Pan)
  2 sun demons (Pan)
  2 deep elf knights
  A torturous demonspawn (Pan)
  A wolf spider zombie (Spider:2)
  2 deep elf magi
  An ugly thing (D:10)
  An orc sorcerer (Orc:2)
  2 moths of wrath
  2 wolf spiders
  A demonic crawler (Spider:4)
  3 yaktaurs
  2 merfolk
  A jumping spider (Spider:4)
  A tengu conjurer (Depths:2)
  2 two-headed ogres
  A bog body (Crypt:1)
  A raiju (Abyss:5)
  A troll (Zot:2)
  A slime creature (Slime:3)
  A large abomination (Abyss:2)
  3 redbacks
  2 air elementals
  A ynoxinul (Pan)
  A wraith (Depths:3)
  2 fire bats (Abyss:1)
  A water elemental (Depths:4)
  A hippogriff (shapeshifter) (Vaults:3)
  A giant eyeball (Depths:4)
  2 small abominations
  An orc warrior (Vaults:4)
  A black bear (D:7)
  A necrophage (Crypt:1)
  2 ogres
  2 centaurs
  A crimson imp (Depths:3)
  3 starcursed masses
  A quasit (Abyss:3)
  A jelly (Slime:5)
  An orc priest (Orc:2)
  A centaur skeleton (D:12)
  5 hell rats (Hell)
  3 orcs
  36 eldritch tentacle segments
  20 fungi
  6 lost souls
  56 plants
  34 starspawn tentacles
  453 starspawn tentacle segments
  20 tentacles
  1296 tentacle segments
  36 withered plants (Crypt:3)
2052 creatures vanquished.

Grand Total: 6959 creatures vanquished

Notes
Turn   | Place    | Note
--------------------------------------------------------------
     0 | D:1      | Joat the Draconian Transmuter began the quest for the Orb.
     0 | D:1      | Reached XP level 1. HP: 16/16 MP: 3/3
   135 | D:1      | Reached XP level 2. HP: 18/23 MP: 5/5
   697 | D:2      | Found a shimmering altar of Xom.
   733 | D:2      | Reached XP level 3. HP: 18/28 MP: 6/6
   750 | D:2      | Learned a level 3 spell: Spider Form
   953 | D:2      | Found a faded altar to an unknown god.
  1434 | D:2      | Reached XP level 4. HP: 30/35 MP: 7/7
  1627 | D:3      | Noticed Ijyb
  1644 | D:3      | Killed Ijyb
  1644 | D:3      | Reached skill level 1 in Poison Magic
  2012 | D:3      | Found a shattered altar of Ashenzari.
  2012 | D:3      | Found a blossoming altar of Fedhas.
  2140 | D:4      | Reached XP level 5. HP: 35/40 MP: 8/8
  2190 | D:4      | Found a stormy altar of Qazlal.
  2214 | D:4      | Noticed an ogre
  2222 | D:4      | Killed an ogre
  2233 | D:4      | Learned a level 4 spell: Ice Form
  2262 | D:4      | Noticed an ogre
  2264 | D:4      | Noticed a phantom
  2270 | D:4      | Killed an ogre
  2270 | D:4      | Reached skill level 2 in Fighting
  2270 | D:4      | Reached XP level 6. HP: 48/48 MP: 5/9
  2662 | D:4      | Reached skill level 1 in Ice Magic
  2988 | D:4      | Your scales start taking on a golden yellow colour.
  2988 | D:4      | Reached XP level 7. HP: 56/56 MP: 11/11
  3213 | D:4      | Found a staircase to the Ecumenical Temple.
  3233 | Temple   | Entered the Ecumenical Temple
  3261 | Temple   | Became a worshipper of Ru the Awakened
  3630 | D:5      | Entered Level 5 of the Dungeon
  3706 | D:5      | Reached skill level 3 in Fighting
  4365 | D:5      | Noticed a spriggan
  4365 | D:5      | Noticed Sigmund
  4366 | D:5      | Noticed a spriggan
  4376 | D:5      | Killed a spriggan
  4376 | D:5      | Reached skill level 5 in Unarmed Combat
  4384 | D:5      | Killed a spriggan
  4384 | D:5      | Reached XP level 8. HP: 47/66 MP: 9/13
  4418 | D:5      | Killed Sigmund
  4418 | D:5      | Reached skill level 4 in Fighting
  4833 | D:5      | Reached XP level 9. HP: 34/73 MP: 12/15
  4836 | D:5      | Got an uncursed encrusted great sword {slice}
  4856 | D:5      | Identified the +10 great sword "Nusarol" {slice, rF+ MP+9 Int-2} (You took it off a centaur on level 5 of the Dungeon)
  4972 | D:5      | Reached skill level 1 in Long Blades
  5859 | D:6      | Reached skill level 5 in Long Blades
  5896 | D:6      | Reached skill level 5 in Fighting
  5922 | D:6      | Noticed gloryseeker's ghost (novice OpEE)
  5964 | D:6      | Killed gloryseeker's ghost
  5964 | D:6      | Reached skill level 5 in Dodging
  6495 | D:7      | Gained mutation: You are hated by all. [Ru sacrifice]
  6495 | D:7      | Reached * piety under Ru
  6618 | D:7      | Reached XP level 10. HP: 83/83 MP: 16/16
  6622 | D:7      | Reached skill level 6 in Fighting
  7732 | D:8      | Found a shadowy altar of Dithmenos.
  7734 | D:8      | Found a glowing golden altar of the Shining One.
  8504 | D:9      | Gained mutation: You cannot be stealthy. [Ru sacrifice]
  8616 | D:9      | Reached skill level 7 in Fighting
  9004 | D:9      | Found Hodege's Food Shop.
  9456 | D:9      | Noticed a hill giant
  9470 | D:9      | Killed a hill giant
  9947 | D:10     | Entered Level 10 of the Dungeon
  9973 | D:10     | Reached XP level 11. HP: 93/93 MP: 17/17
 10049 | D:10     | Noticed a deep elf mage
 10056 | D:10     | Killed a deep elf mage
 10295 | D:10     | Noticed a hill giant
 10301 | D:10     | Killed a hill giant
 10414 | D:10     | Noticed Psyche
 10439 | D:10     | Killed Psyche
 10439 | D:10     | Reached skill level 8 in Fighting
 10638 | D:10     | Found a staircase to the Lair.
 10652 | D:10     | Noticed a hill giant
 10660 | D:10     | Killed a hill giant
 10937 | D:10     | Noticed Harold
 10937 | D:10     | Noticed Urug
 11094 | D:10     | Noticed a purple ugly thing
 11099 | D:10     | Killed a purple ugly thing
 11234 | Lair:1   | Entered Level 1 of the Lair of Beasts
 11318 | Lair:1   | Reached skill level 10 in Long Blades
 12547 | Lair:1   | Reached skill level 9 in Fighting
 13284 | Lair:2   | Reached XP level 12. HP: 91/104 MP: 18/18
 14118 | D:10     | Killed Urug
 14510 | D:10     | Killed Harold
 14577 | Lair:1   | Reached skill level 10 in Fighting
 15063 | Lair:2   | Reached skill level 10 in Dodging
 15163 | Lair:3   | Identified a scroll of acquirement
 15198 | Lair:3   | Gained mutation: You cannot study or cast Fire magic. [Ru sacrifice]
 15198 | Lair:3   | Gained mutation: You cannot study or cast Hexes magic. [Ru sacrifice]
 15198 | Lair:3   | Gained mutation: You cannot study or cast Summoning magic. [Ru sacrifice]
 15198 | Lair:3   | Reached ** piety under Ru
 15198 | Lair:3   | Reached *** piety under Ru
 15470 | Lair:3   | Noticed a six-headed hydra
 15639 | Lair:3   | Killed a six-headed hydra
 15940 | Lair:3   | Reached skill level 5 in Transmutations
 16931 | Lair:4   | Reached XP level 13. HP: 91/115 MP: 19/19
 17592 | Lair:4   | Found a hole to the Spider Nest.
 18348 | Lair:5   | Reached skill level 11 in Fighting
 18477 | Lair:5   | Found a labyrinth entrance.
 18486 | Lab      | Entered a labyrinth
 18603 | Lab      | Noticed damerell's ghost (journeyman DDFi)
 18613 | Lab      | Killed damerell's ghost
 18613 | Lab      | Reached skill level 5 in Spellcasting
 18763 | Lab      | Noticed a minotaur
 18774 | Lab      | Killed a minotaur
 19108 | Lair:5   | Noticed Snorg
 19117 | Lair:5   | Killed Snorg
 19634 | Lair:5   | Found a staircase to the Shoals.
 20586 | Lair:7   | Found a staircase to the Slime Pits.
 21941 | Lair:8   | Entered Level 8 of the Lair of Beasts
 21956 | Lair:7   | Reached skill level 5 in Ice Magic
 22462 | Lair:7   | Gained mutation: You have acidic saliva. [Yellow Draconian growth]
 22462 | Lair:7   | Reached XP level 14. HP: 81/125 MP: 22/22
 22644 | Lair:8   | Reached skill level 12 in Fighting
 23694 | Lair:8   | Found a burning altar of Makhleb.
 25299 | Lair:8   | Found a gateway to Hell.
 25820 | D:11     | Found a flagged portal.
 25839 | Bailey   | Entered a bailey
 26816 | D:11     | Found a roughly hewn altar of Beogh.
 26866 | D:11     | Found a staircase to the Orcish Mines.
 27303 | Orc:1    | Entered Level 1 of the Orcish Mines
 27413 | Orc:2    | Entered Level 2 of the Orcish Mines
 27849 | Orc:1    | Noticed Nergalle
 27868 | Orc:1    | Killed Nergalle
 28187 | Orc:2    | Found Ipuziof's Distillery.
 28196 | Orc:2    | Bought a potion of degeneration for 12 gold pieces
 28196 | Orc:2    | Bought a potion of curing for 36 gold pieces
 28637 | Orc:2    | Found a staircase to the Elven Halls.
 29161 | Orc:2    | Noticed a stone giant
 29172 | Orc:2    | Killed a stone giant
 29175 | Orc:2    | Reached skill level 13 in Fighting
 30126 | Orc:2    | Found Fenif's Antique Armour Shop.
 30126 | Orc:2    | Found Lapor's Gadget Emporium.
 30129 | Orc:2    | Found Allipuen's General Store.
 30129 | Orc:2    | Found Zishotet's Magic Scroll Shop.
 30161 | Orc:2    | Bought a scroll of fog for 32 gold pieces
 30161 | Orc:2    | Bought a scroll of teleportation for 48 gold pieces
 30161 | Orc:2    | Bought 3 scrolls of teleportation for 144 gold pieces
 30241 | Orc:2    | Reached XP level 15. HP: 111/136 MP: 25/25
 30255 | Orc:2    | Bought a potion of brilliance for 48 gold pieces
 30255 | Orc:2    | Bought a potion of invisibility for 96 gold pieces
 30255 | Orc:2    | Bought a potion of agility for 48 gold pieces
 30255 | Orc:2    | Bought a potion of might for 48 gold pieces
 30271 | Orc:2    | Reached XP level 16. HP: 128/145 MP: 26/26
 31251 | D:13     | Reached skill level 14 in Fighting
 31354 | D:13     | Found a gate to the Vaults.
 31610 | D:13     | Found a blossoming altar of Fedhas.
 31890 | D:13     | Learned a level 2 spell: Blink
 32044 | D:13     | Got a slimy lajatang
 32045 | D:13     | Identified the +3 lajatang of Golauc {slice, Str+4} (You found it on level 13 of the Dungeon)
 32582 | D:14     | Reached skill level 1 in Translocations
 32815 | D:14     | Found a flickering gateway to a bazaar.
 32821 | Bazaar   | Entered a bazaar
 32821 | Bazaar   | Found Lirphy's Armour Boutique.
 32821 | Bazaar   | Found Luguann's Assorted Antiques.
 32821 | Bazaar   | Found Empozxuw's Gadget Shop.
 32823 | Bazaar   | Found Cohu's Distillery.
 32823 | Bazaar   | Found Biarea Enunn's Antique Armour Shop.
 32859 | Bazaar   | Bought a glowing cloak for 99 gold pieces
 32864 | Bazaar   | Bought a potion of curing for 45 gold pieces
 32864 | Bazaar   | Bought a potion of curing for 45 gold pieces
 32867 | Bazaar   | Bought a twisted scimitar for 288 gold pieces
 32867 | Bazaar   | Identified the +4 scimitar of Kiexkus {slice, rF+ Str+2} (You bought it in a shop in a bazaar)
 32869 | Bazaar   | Bought a scroll of teleportation for 96 gold pieces
 32869 | Bazaar   | Bought a potion of curing for 96 gold pieces
 32869 | Bazaar   | Bought a scroll of teleportation for 96 gold pieces
 33275 | D:15     | Entered Level 15 of the Dungeon
 33483 | D:15     | Found a white marble altar of Elyvilon.
 33562 | D:15     | Found a staircase to the Depths.
 33822 | D:15     | Noticed Rupert
 33824 | D:15     | Paralysed by Rupert for 4 turns
 33835 | D:15     | Killed Rupert
 33925 | D:15     | Found Hicifuts's Magic Scroll Shoppe.
 33933 | D:15     | Bought 2 scrolls of teleportation for 102 gold pieces
 33933 | D:15     | Bought a scroll of blinking for 127 gold pieces
 33933 | D:15     | Bought a scroll of fear for 59 gold pieces
 34709 | Spider:1 | Entered Level 1 of the Spider Nest
 35323 | Lair:4   | Reached XP level 17. HP: 154/154 MP: 30/30
 35445 | Shoals:1 | Entered Level 1 of the Shoals
 35455 | Shoals:1 | Noticed a kraken
 35478 | Shoals:1 | Reached skill level 10 in Transmutations
 39553 | Spider:2 | Got a smoking dagger
 39554 | Spider:2 | Identified the +11 dagger of Wrath {flame, +Inv Str-2 Dex-5 SInv} (You found it on level 2 of the Spider Nest)
 39628 | Spider:2 | Noticed Louise
 40408 | Spider:1 | Reached skill level 15 in Fighting
 41101 | Spider:2 | Reached skill level 15 in Long Blades
 41120 | Spider:2 | Got a twitching steel ring
 41122 | Spider:2 | Identified the ring "Nuuss" {rC+ Str+5 Int-5 Dex+6} (You found it on level 2 of the Spider Nest)
 41169 | Spider:2 | Noticed Wiglaf
 41198 | Spider:2 | Killed Wiglaf
 42135 | Spider:2 | Killed Louise
 42157 | Spider:2 | Noticed Arachne
 42176 | Spider:2 | Killed Arachne
 46263 | Spider:4 | Entered Level 4 of the Spider Nest
 46451 | Spider:4 | Reached XP level 18. HP: 164/165 MP: 31/31
 48866 | Spider:4 | Reached skill level 16 in Fighting
 49859 | Spider:4 | Got a gossamer rune of Zot
 50429 | Elf:1    | Entered Level 1 of the Elven Halls
 51226 | Elf:1    | Found Vaffom's Jewellery Boutique.
 51276 | Elf:1    | Noticed Roxanne
 51277 | Elf:1    | Bought the ring "Ynusy" {rF+ MR++ EV+4 Str+4} for 935 gold pieces
 52876 | Elf:1    | Killed Roxanne
 52876 | Elf:1    | Reached skill level 15 in Dodging
 52886 | Elf:1    | Learned a level 6 spell: Statue Form
 52899 | Elf:1    | Bought the ring "Uruwefius" {EV+3 Str+3 Slay+2} for 597 gold pieces
 52921 | Elf:1    | Reached skill level 1 in Earth Magic
 53137 | Elf:2    | Noticed a Hell Sentinel
 53160 | Elf:1    | Reached XP level 19. HP: 159/174 MP: 32/32
 53491 | Elf:2    | Reached skill level 5 in Earth Magic
 54435 | Elf:2    | Gained mutation: You are dopey. (Int -2) [Ru sacrifice]
 54806 | Elf:2    | Found a huge runed gate.
 54806 | Elf:2    | Found a huge runed gate.
 54807 | Elf:2    | Found a huge runed gate.
 54811 | Elf:2    | Reached skill level 10 in Unarmed Combat
 54813 | Elf:2    | Found a huge runed gate.
 54821 | Elf:2    | Found a huge runed gate.
 54885 | Elf:3    | Entered Level 3 of the Elven Halls
 55054 | Elf:3    | Got a shimmering amber ring
 55056 | Elf:3    | Identified the ring "Qaom" {+Blink MR++ Str+5 Dex+2} (You acquired it on level 3 of the Elven Halls)
 57053 | Elf:3    | Gained mutation: You cannot study or use magical devices. [Ru sacrifice]
 57053 | Elf:3    | Reached **** piety under Ru
 57053 | Elf:3    | Reached ***** piety under Ru
 57814 | Elf:3    | Reached skill level 10 in Spellcasting
 57814 | Elf:3    | Reached skill level 10 in Earth Magic
 58287 | Elf:3    | Reached XP level 20. HP: 130/182 MP: 34/34
 59340 | Elf:3    | Got a smoking falchion {freeze}
 59343 | Elf:3    | Identified the +5 falchion "Draconian's Regret" {freeze, Str+8 Stlth-} (You took it off a deep elf sorcerer on level 3 of the Elven Halls)
 59993 | Elf:3    | Identified Sif Muna's Volume of Congealing Beguiling
 60108 | Elf:3    | Learned a level 2 spell: Repel Missiles
 60147 | Elf:3    | Identified the Compendium of the Voyage and Transformation
 60152 | Elf:3    | Got an ancient diamond amulet
 60154 | Elf:3    | Identified the amulet "Gicoq" {Harm *Drain rC+ rN++ MP-9 Slay-3} (You found it on level 3 of the Elven Halls)
 60164 | Elf:3    | Got a brightly glowing broad axe
 60165 | Elf:3    | Identified the +7 broad axe "Ozumibloew" {venom, +Fly Str+4} (You found it on level 3 of the Elven Halls)
 60567 | Lair:1   | Learned a level 5 spell: Blade Hands
 60661 | Lair:4   | Reached skill level 1 in Air Magic
 60745 | Shoals:1 | Noticed Josephine
 60747 | Shoals:1 | Noticed Aizul
 61224 | Lair:5   | Killed Aizul
 61224 | Lair:5   | Reached skill level 1 in Shields
 61296 | Lair:5   | Killed Josephine
 61407 | Shoals:1 | Found Zafim's Assorted Antiques.
 61422 | Shoals:1 | Bought a pair of steaming gloves for 361 gold pieces
 61432 | Shoals:1 | Identified the +5 pair of gloves of Jadweihagh {Dex+7} (You bought it in a shop on level 1 of the Shoals)
 61668 | Shoals:1 | Reached skill level 1 in Charms
 61904 | Shoals:1 | Gained mutation: You take slightly more damage. (AC -3) [Ru sacrifice]
 61904 | Shoals:1 | Reached ****** piety under Ru
 64469 | Shoals:3 | Noticed Polyphemus
 64488 | Shoals:3 | Killed Polyphemus
 65057 | Shoals:3 | Got an iridescent spear
 65058 | Shoals:3 | Identified the +5 spear of the Sky {drain, rElec} (You found it on level 3 of the Shoals)
 65187 | Shoals:4 | Entered Level 4 of the Shoals
 65233 | Shoals:4 | Noticed Ilsuiw
 65292 | Shoals:3 | Killed Ilsuiw
 65834 | Shoals:4 | Reached XP level 21. HP: 182/189 MP: 36/36
 67416 | Shoals:4 | Reached skill level 5 in Shields
 68766 | Shoals:4 | Got a barnacled rune of Zot
 69293 | Vaults:1 | Entered Level 1 of the Vaults
 69383 | Vaults:1 | Found a portal to a secret trove of treasure.
 69731 | Orc:2    | Bought a scroll of enchant armour for 120 gold pieces
 69932 | D:15     | Bought a scroll of enchant armour for 127 gold pieces
 70062 | Vaults:1 | You paid a toll of a +3 gold dragon armour to enter a treasure trove
 70063 | Trove    | Entered a treasure trove
 70124 | Trove    | Got a slimy lead ring
 70128 | Trove    | Got a glittering wooden ring
 70130 | Trove    | Got a bound lead amulet
 70155 | Trove    | Got a brightly glowing flail
 70167 | Trove    | Gained mutation: You have sharp toenails. [potion of beneficial mutation]
 70197 | Vaults:1 | Identified the amulet of Fiesil {Spirit rC+ Dex+4 Slay+3} (You found it in a treasure trove)
 70209 | Vaults:1 | Identified the cursed +0 flail of Ragnarok {vamp, Str+2} (You found it in a treasure trove)
 70215 | Vaults:1 | Identified the ring of Contentment {Str+4 Int+6} (You found it in a treasure trove)
 70218 | Vaults:1 | Identified the ring of Utiasiv {+Fly Slay+4 Stlth+} (You found it in a treasure trove)
 71875 | Vaults:2 | Found a staircase to the Crypt.
 72457 | Vaults:2 | Found Tuwep's Antique Weapon Shop.
 73446 | Vaults:3 | Reached XP level 22. HP: 197/197 MP: 29/38
 75546 | Depths:1 | Entered Level 1 of the Depths
 75554 | Depths:1 | Noticed Elystan's ghost (legendary FoVM)
 75686 | Depths:1 | Killed Elystan's ghost
 75842 | Depths:1 | Learned a level 3 spell: Regeneration
 75878 | Depths:1 | Reached skill level 15 in Unarmed Combat
 75892 | Depths:1 | Reached skill level 1 in Necromancy
 75971 | Depths:1 | Noticed a golden dragon
 75974 | Depths:1 | Killed a golden dragon
 76066 | Depths:1 | Learned a level 7 spell: Dragon Form
 76117 | Depths:1 | Found a one-way gate to the infinite horrors of the Abyss.
 76276 | Depths:1 | Found a gateway to a ziggurat.
 76277 | Depths:1 | Noticed an ancient lich
 76277 | Depths:1 | Noticed an ancient lich
 76420 | Depths:1 | Reached XP level 23. HP: 203/203 MP: 35/40
 76746 | Depths:1 | Found Cohoripp's Pet Rocks.
 77195 | Depths:2 | Gained mutation: Your spells are a little harder to cast, but a little more powerful. [potion of beneficial mutation]
 77196 | Depths:2 | Gained mutation: You have an increased reservoir of magic (+10% MP). [potion of beneficial mutation]
 77222 | Depths:2 | Reached skill level 17 in Fighting
 77765 | Depths:2 | Noticed a juggernaut
 77786 | Depths:2 | Killed a juggernaut
 77799 | Depths:2 | Noticed a juggernaut
 77809 | Depths:2 | Killed a juggernaut
 78486 | Depths:2 | Found a runed door.
 78759 | Depths:2 | Got a faintly glowing granite ring
 78760 | Depths:2 | Identified the ring of Heresy {*Tele MR+ Dex+4 Stlth-} (You took it off a spriggan defender on level 2 of the Depths)
 79011 | Depths:2 | Identified the Almanac of Feathers and Companions
 79021 | Depths:2 | Noticed a juggernaut
 79045 | Depths:2 | Killed a juggernaut
 79076 | Depths:2 | Identified the Incunabulum of the Flying Mountains
 79189 | Depths:2 | Noticed a caustic shrike
 79196 | Depths:2 | Killed a caustic shrike
 79196 | Depths:2 | Reached XP level 24. HP: 213/213 MP: 41/45
 79424 | Depths:3 | Noticed PeterMcNeter's ghost (veteran DsCj)
 79452 | Depths:3 | Reached skill level 15 in Transmutations
 79470 | Depths:3 | Killed PeterMcNeter's ghost
 79636 | Depths:3 | Noticed Mara
 79920 | Vaults:5 | Entered Level 5 of the Vaults
 79951 | Vaults:5 | Reached skill level 5 in Charms
 79978 | Vaults:5 | Reached skill level 5 in Necromancy
 80062 | Vaults:5 | Got a warped morningstar {flame}
 80063 | Vaults:5 | Identified the +7 morningstar "Aruhoe" {flame, MR- Str+6} (You took it off a vault warden on level 5 of the Vaults)
 80129 | Vaults:5 | Reached skill level 18 in Fighting
 80246 | Vaults:5 | Noticed Mennas
 80250 | Vaults:5 | Killed Mennas
 80251 | Vaults:5 | Noticed Sojobo
 80268 | Vaults:5 | Killed Sojobo
 80268 | Vaults:5 | Reached XP level 25. HP: 222/223 MP: 33/46
 80371 | Vaults:5 | Reached skill level 15 in Spellcasting
 80471 | Vaults:5 | Got a silver rune of Zot
 80520 | Vaults:5 | Got a translucent copper ring
 80606 | Vaults:5 | Got a twisted whip
 80915 | Vaults:5 | Identified the +4 whip of Charity {vamp, rElec Int+4 Dex+2} (You found it on level 5 of the Vaults)
 81607 | Depths:3 | Noticed Joat's illusion
 81629 | Depths:2 | Noticed Joat's illusion
 81653 | Depths:2 | Killed Mara
 81999 | Depths:3 | Noticed Margery
 82011 | Depths:3 | Killed Margery
 82270 | Depths:3 | Noticed the Enchantress
 82286 | Depths:3 | Killed the Enchantress
 82325 | Depths:3 | Found a one-way gate leading to the halls of Pandemonium.
 83586 | Depths:4 | Reached skill level 19 in Fighting
 83806 | Depths:5 | Entered Level 5 of the Depths
 83931 | Depths:5 | Reached XP level 26. HP: 235/235 MP: 42/46
 84027 | Depths:5 | Noticed a juggernaut
 84033 | Depths:5 | Killed a juggernaut
 84137 | Depths:5 | Found a magical portal.
 84142 | WizLab   | Entered Doroklohe's Tomb
 84417 | WizLab   | Noticed a greater mummy
 84808 | Depths:5 | Got a steaming great sword
 84809 | Depths:5 | Identified the +5 great sword of Watchfulness {elec, Str+3 Dex+4} (You found it on level 5 of the Depths)
 84955 | Depths:5 | Found a gate to the Realm of Zot.
 85934 | Crypt:1  | Entered Level 1 of the Crypt
 86445 | Crypt:1  | Noticed Jorgrun
 86458 | Crypt:1  | Killed Jorgrun
 86804 | Crypt:1  | Identified Ataunt's Volume of Stolen Souls
 87453 | Crypt:3  | Entered Level 3 of the Crypt
 87773 | Crypt:3  | Found a basalt altar of Yredelemnul.
 87815 | Crypt:3  | Reached XP level 27. HP: 245/245 MP: 46/47
 87972 | Crypt:3  | Got a shimmering marble ring
 87978 | Crypt:3  | Identified the ring "Hinoum" {rElec MR+} (You took it off a deep elf high priest on level 5 of the Vaults)
 87979 | Crypt:3  | Identified the ring "Piuth" {rF+ rN+ Stlth+} (You found it on level 3 of the Crypt)
 88391 | Crypt:3  | Reached skill level 20 in Fighting
 88714 | Crypt:3  | Got a pair of dazzling boots
 88731 | Crypt:3  | Identified the cursed -4 pair of boots "Tichomunuq" {+Fly MR- rCorr Dex+9} (You found it on level 3 of the Crypt)
 89030 | Crypt:3  | Found a staircase to the Tomb.
 89120 | Crypt:3  | Got a warped lead ring
 89491 | Lair:1   | Identified the ring of the Many Mice {rPois rC+ rN+ Dex+4} (You took it off a death knight on level 3 of the Crypt)
 89842 | Depths:1 | Voluntarily entered the Abyss.
 89948 | Abyss:2  | Found a stormy altar of Qazlal.
 90189 | Abyss:2  | Paralysed by accursed screaming for 1 turns
 90278 | Abyss:2  | Gained mutation: Your large and strong wings let you fly indefinitely. [a neqoxec]
 90765 | Abyss:3  | Paralysed by accursed screaming for 1 turns
 90785 | Abyss:3  | Found a corrupted altar of Lugonu.
 90892 | Abyss:5  | Entered Level 5 of the Abyss
 91027 | Abyss:5  | Paralysed by accursed screaming for 1 turns
 91051 | Abyss:5  | Paralysed by you for 2 turns
 91061 | Abyss:5  | Gained mutation: You are very dopey. (Int -4) [a neqoxec]
 91303 | Depths:1 | Escaped the Abyss
 91464 | Depths:1 | Voluntarily entered the Abyss.
 91524 | Abyss:1  | Paralysed by accursed screaming for 1 turns
 91530 | Abyss:1  | Paralysed by accursed screaming for 1 turns
 91572 | Abyss:1  | Paralysed by accursed screaming for 1 turns
 91576 | Abyss:1  | Paralysed by accursed screaming for 2 turns
 91585 | Abyss:1  | Paralysed by accursed screaming for 1 turns
 91969 | Abyss:2  | Found a corrupted altar of Lugonu.
 92274 | Abyss:2  | Lost mutation: Your spells are a little harder to cast, but a little more powerful. [a neqoxec]
 92275 | Abyss:2  | Gained mutation: You occasionally shout uncontrollably at your foes. [a neqoxec]
 92277 | Abyss:2  | Gained mutation: You are clumsy. (Dex -2) [a neqoxec]
 92323 | Abyss:2  | Reached skill level 21 in Fighting
 92432 | Abyss:3  | Found a corrupted altar of Lugonu.
 92715 | Abyss:3  | Found a corrupted altar of Lugonu.
 92777 | Abyss:3  | Found a corrupted altar of Lugonu.
 93031 | Abyss:3  | Paralysed by accursed screaming for 1 turns
 93103 | Abyss:3  | Gained mutation: Your spells are a little easier to cast, but a little less powerful. [a neqoxec]
 93107 | Abyss:3  | Gained mutation: Your body sometimes deteriorates upon taking damage. [a neqoxec]
 93467 | Abyss:3  | Gained mutation: You can translocate small distances at will. [a neqoxec]
 93768 | Abyss:3  | Got an abyssal rune of Zot
 93901 | Depths:1 | Escaped the Abyss
 94262 | Slime:1  | Entered Level 1 of the Pits of Slime
 94279 | Slime:1  | Reached skill level 10 in Necromancy
 95042 | Slime:2  | Gained mutation: You are robust (+10% HP). [a shining eye]
 95321 | Slime:3  | Gained mutation: You expend magic power (3 MP) to strengthen your wands. [a shining eye]
 95707 | Slime:4  | Found a viscous altar of Jiyva.
 96238 | Slime:5  | Lost mutation: You have an increased reservoir of magic (+10% MP). [a shining eye]
 96240 | Slime:5  | Gained mutation: You are very clumsy. (Dex -4) [a shining eye]
 96241 | Slime:5  | Gained mutation: Scrolls take you a little longer to read. [a shining eye]
 96561 | Slime:5  | Found a viscous altar of Jiyva.
 96664 | Slime:5  | Gained mutation: You sometimes yell uncontrollably at your foes. [a shining eye]
 96779 | Slime:6  | Entered Level 6 of the Pits of Slime
 96803 | Slime:6  | Noticed the Royal Jelly
 97137 | Slime:6  | Gained mutation: You tend to lose your temper in combat. [a shining eye]
 97141 | Slime:6  | Gained mutation: You are weak. (Str -2) [a shining eye]
 97149 | Slime:6  | Found a viscous altar of Jiyva.
 97346 | Slime:6  | Killed the Royal Jelly
 97901 | Lair:1   | Learned a level 9 spell: Shatter
 98203 | Zot:1    | Entered Level 1 of the Realm of Zot
 98884 | Zot:1    | Reached skill level 15 in Earth Magic
 99035 | Zot:2    | Found an iron altar of Okawaru.
101463 | Zot:5    | Entered Level 5 of the Realm of Zot
101689 | Zot:5    | Noticed an ancient lich
101694 | Zot:5    | Killed an ancient lich
101708 | Zot:5    | Noticed an ancient lich
101720 | Zot:5    | Killed an ancient lich
101731 | Zot:5    | Noticed an ancient lich
101741 | Zot:5    | Killed an ancient lich
101964 | Zot:5    | Lost mutation: You are weak. (Str -2) [the power of Zot]
102028 | Zot:5    | Noticed an orb of fire
102037 | Zot:5    | Killed an orb of fire
102135 | Zot:5    | Noticed an orb of fire
102152 | Zot:5    | Killed an orb of fire
102233 | Zot:5    | Learned a level 5 spell: Lee's Rapid Deconstruction
102293 | Zot:5    | Noticed an ancient lich
102305 | Zot:5    | Killed an ancient lich
102307 | Zot:5    | Noticed an ancient lich
102315 | Zot:5    | Killed an ancient lich
103104 | Slime:6  | Identified Spellcasting 101
103107 | Slime:6  | Identified the Papyrus of the Oath and Clay
103159 | Slime:6  | Got a slimy rune of Zot
103189 | Slime:6  | Gained mutation: You are resistant to electric shocks. [potion of beneficial mutation]
103190 | Slime:6  | Gained mutation: You are resistant to hostile enchantments. [potion of beneficial mutation]
103214 | Slime:6  | Lost mutation: Scrolls take you a little longer to read. [potion of mutation]
103664 | Pan      | Entered Pandemonium
103837 | Pan      | Reached skill level 22 in Fighting
104118 | Pan      | Found an exit through the horrors of the Abyss.
104454 | Pan      | Noticed Xakaotz the pandemonium lord
104460 | Pan      | Killed Xakaotz the pandemonium lord
104485 | Pan      | Identified the Compendium of Combat Magic and Self-Improvement
105404 | Pan      | Noticed a seraph
105421 | Pan      | Killed a seraph
105464 | Pan      | Found a glowing golden altar of the Shining One.
105473 | Pan      | Identified the Grimoire of Doomed Orientation
105482 | Pan      | Identified the Reference Book on Transformation and Beguiling
105486 | Pan      | Got a steaming mace
105488 | Pan      | Got a demonic rune of Zot
105500 | Pan      | Identified the +10 mace of Vienkaduor {venom, MR+ MP+9} (You found it in Pandemonium)
105569 | Pan      | Reached skill level 23 in Fighting
105909 | Pan      | Reached skill level 24 in Fighting
106234 | Pan      | Reached skill level 25 in Fighting
106510 | Pan      | Gained mutation: Your magical capacity is low (-10% MP). [a neqoxec]
106511 | Pan      | Gained mutation: Your body often deteriorates upon taking damage. [a neqoxec]
106698 | Pan      | Found an exit through the horrors of the Abyss.
106700 | Pan      | Gained mutation: Scrolls take you a little longer to read. [a neqoxec]
106805 | Pan      | Noticed Eheustot the pandemonium lord
106814 | Pan      | Killed Eheustot the pandemonium lord
107178 | Pan      | Noticed Heohof the pandemonium lord
107187 | Pan      | Killed Heohof the pandemonium lord
107187 | Pan      | Gained mutation: Scrolls take you longer to read. [a neqoxec]
107233 | Pan      | Found an exit through the horrors of the Abyss.
107280 | Pan      | Gained mutation: You often lose your temper in combat. [a neqoxec]
107569 | Pan      | Found an exit through the horrors of the Abyss.
107783 | Pan      | Found a huge runed gate.
107833 | Pan      | Noticed Ciowna the pandemonium lord
107849 | Pan      | Killed Ciowna the pandemonium lord
107965 | Pan      | Reached skill level 26 in Fighting
108502 | Pan      | Found an exit through the horrors of the Abyss.
109193 | Pan      | Found an exit through the horrors of the Abyss.
109195 | Pan      | Noticed Ylaihueqat the pandemonium lord
109203 | Pan      | Killed Ylaihueqat the pandemonium lord
109747 | Pan      | Learned a level 6 spell: Haste
110352 | Pan      | Found an exit through the horrors of the Abyss.
110942 | Pan      | Noticed Xoc Quta the pandemonium lord
110949 | Pan      | Killed Xoc Quta the pandemonium lord
110993 | Depths:3 | Escaped Pandemonium
111004 | Depths:3 | Learned a level 8 spell: Necromutation
111078 | Hell     | Entered the Vestibule of Hell
111078 | Hell     | Noticed Geryon
111087 | Hell     | Killed Geryon
111120 | Hell     | Noticed Murray
111142 | Hell     | Found a gateway to the decaying netherworld of Tartarus.
111274 | Hell     | Reached skill level 10 in Charms
111355 | Hell     | Killed Murray
111708 | Hell     | Reached skill level 10 in Shields
111818 | Hell     | Found a gateway to the freezing wastes of Cocytus.
112007 | Hell     | Found a gateway to the Iron City of Dis.
112032 | Hell     | Found a gateway to the ashen valley of Gehenna.
112218 | Dis:1    | Entered Level 1 of the Iron City of Dis
113396 | Dis:2    | Lost mutation: You are robust (+10% HP). [mutagenic glow]
113627 | Dis:2    | Reached skill level 15 in Necromancy
117655 | Dis:6    | Gained mutation: You frequently scream uncontrollably at your foes. [mutagenic glow]
117873 | Dis:7    | Entered Level 7 of the Iron City of Dis
117931 | Dis:7    | HP: 14/406 [skeletal warrior/mace of protection (14)]
117933 | Dis:7    | HP: 2/406 [war gargoyle/spray of metal splinters (14)]
117933 | Dis:7    | Mangled by a war gargoyle

Skill      XL: |  1  2  3  4  5  6  7  8  9 10 11 12 13 14 15 16 17 18 19 20 21 22 23 24 25 26 27 |
---------------+----------------------------------------------------------------------------------+-----
Dodging        | 2 3 4 5 7 9 10 11 12 13 14 15 16 17 20 | 20.6
Unarmed Combat | 4 5 6 7 9 11 12 13 15 16 18 19 20 23 | 23.5
Poison Magic   | 2 3 |  3.2
Fighting       | 2 3 4 5 7 9 10 11 13 14 15 16 17 18 19 26 | 26.6
Transmutations | 3 4 5 6 7 9 10 12 13 14 15 16 18 20 | 20.6
Ice Magic      | 1 2 3 5 |  5.5
Spellcasting   | 3 4 5 6 9 10 11 12 13 14 15 16 20 | 20.1
Long Blades    | 6 9 11 12 13 14 15 17 | 17.6
Translocations | 3 4 |  4.2
Earth Magic    | 3 10 11 13 14 21 | 21.1
Air Magic      | 2 |  2.1
Shields        | 4 5 6 7 11 | 11.0
Charms         | 1 2 4 5 11 | 11.2
Necromancy     | 2 3 5 17 | 17.9

Action                   |  1- 3 |  4- 6 |  7- 9 | 10-12 | 13-15 | 16-18 | 19-21 | 22-24 | 25-27 || total
-------------------------+-------+-------+-------+-------+-------+-------+-------+-------+-------++-------
Melee: Unarmed           |   121 |   170 |   195 |     6 |    67 |    11 |   327 |  1249 |  6613 ||  8759
       Punch             |     1 |     3 |     4 |       |       |       |     1 |    10 |   163 ||   182
       Tailslap          |    20 |    13 |    19 |    71 |   101 |   316 |   308 |   281 |  1543 ||  2672
       Headbutt          |       |     3 |       |       |       |       |       |       |       ||     3
       Great sword       |       |       |    81 |   904 |  1065 |  2092 |  1443 |       |       ||  5585
       Bite              |       |       |       |       |    44 |   250 |   286 |   240 |  1214 ||  2034
       Kick              |       |       |       |       |       |       |    97 |   462 |  1023 ||  1582
       Staff             |       |       |       |       |       |       |     7 |       |       ||     7
Throw: Javelin           |       |       |       |       |       |     1 |     2 |       |     7 ||    10
 Cast: Spider Form       |       |     9 |    11 |       |       |       |     5 |       |     1 ||    26
       Beastly Appendage |       |     2 |       |       |       |       |       |       |     1 ||     3
       Ice Form          |       |       |       |     1 |     9 |     2 |     3 |       |     2 ||    17
       Blink             |       |       |       |       |       |     3 |     3 |       |    16 ||    22
       Repel Missiles    |       |       |       |       |       |       |    11 |     4 |    16 ||    31
       Statue Form       |       |       |       |       |       |       |    24 |    64 |   137 ||   225
       Regeneration      |       |       |       |       |       |       |       |    12 |   375 ||   387
       Dragon Form       |       |       |       |       |       |       |       |     4 |    84 ||    88
       Blade Hands       |       |       |       |       |       |       |       |     1 |     2 ||     3
       Lee's Rapid Decon |       |       |       |       |       |       |       |       |    14 ||    14
       Haste             |       |       |       |       |       |       |       |       |     3 ||     3
       Shatter           |       |       |       |       |       |       |       |       |     1 ||     1
Invok: Sacrifice Love    |       |       |     1 |       |       |       |       |       |       ||     1
       Sacrifice Stealth |       |       |       |     1 |       |       |       |       |       ||     1
       Reject Sacrifices |       |       |       |     1 |     3 |     1 |       |       |       ||     5
       Sacrifice Arcana  |       |       |       |     1 |       |       |       |       |       ||     1
       Draw Out Power    |       |       |       |       |     2 |       |       |       |     1 ||     3
       Power Leap        |       |       |       |       |       |       |    15 |     8 |    50 ||    73
       Sacrifice Purity  |       |       |       |       |       |       |     1 |       |       ||     1
       Sacrifice Artific |       |       |       |       |       |       |     1 |       |       ||     1
       Apocalypse        |       |       |       |       |       |       |     3 |     1 |     2 ||     6
       Sacrifice Health  |       |       |       |       |       |       |     1 |       |       ||     1
 Abil: Spit Acid         |       |       |     4 |     7 |     8 |    27 |    34 |     8 |    11 ||    99
       End Transformatio |       |       |       |     1 |     5 |     2 |     6 |     3 |    17 ||    34
Evoke: Wand              |       |       |       |     2 |     1 |     1 |     1 |       |       ||     5
  Use: Scroll            |       |       |    14 |    11 |    11 |     5 |    17 |     6 |    30 ||    94
       Potion            |       |       |     6 |     1 |     6 |    10 |    18 |     2 |    15 ||    58
 Stab: Sleeping          |     1 |       |       |       |       |       |       |       |       ||     1
       Distracted        |       |       |       |       |     8 |     6 |    14 |    14 |    47 ||    89
       Invisible         |       |       |       |       |     6 |    14 |    18 |     5 |    60 ||   103
       Held in net/web   |       |       |       |       |       |     2 |       |       |       ||     2
       Paralysed         |       |       |       |       |       |       |     5 |     3 |    23 ||    31
       Petrified         |       |       |       |       |       |       |     2 |     1 |       ||     3
       Petrifying        |       |       |       |       |       |       |       |     2 |       ||     2
       Confused          |       |       |       |       |       |       |       |       |     2 ||     2
  Eat: Chunk             |     2 |     6 |    12 |    51 |    48 |    85 |    65 |    51 |   103 ||   423
       Beef jerky        |       |       |     1 |     1 |       |       |       |       |    10 ||    12
       Royal jelly       |       |       |       |     1 |       |       |       |       |     7 ||     8
       Bread ration      |       |       |       |       |       |       |     2 |       |    16 ||    18
       Fruit             |       |       |       |       |       |       |     1 |     2 |     2 ||     5
       Pizza             |       |       |       |       |       |       |       |       |     8 ||     8
       Meat ration       |       |       |       |       |       |       |       |       |    11 ||    11
Armor: Skin              |    47 |    51 |    86 |   325 |   389 |   744 |   303 |   277 |  1342 ||  3564
Dodge: Dodged            |    67 |    97 |   203 |   726 |  1017 |  1901 |  1605 |  1143 |  6383 || 13142
       Deflected         |       |       |       |       |       |       |    42 |    31 |    99 ||   172
Block: Buckler           |       |       |       |       |       |       |    90 |   323 |  1568 ||  1981
